 Dungeon Crawl Stone Soup version 0.28.0-47-ge53b351184 (webtiles) character file.

Game seed: 10187400971064814402

765 DearestLeader the Shield-Bearer (level 7, 0/60 HPs)
             Began as a Gnoll Fighter on Apr 25, 2022.
             Slain by an ogre
             ... wielding a +0 giant club
              (17 damage)
             ... on level 5 of the Dungeon.
             The game lasted 00:05:22 (4004 turns).

DearestLeader the Shield-Bearer (Gnoll Fighter)     Turns: 4004, Time: 00:05:23

Health: 0/60       AC: 10    Str: 23    XL:     7   Next: 81%
Magic:  20/20      EV: 10    Int:  7    God:
Gold:   224        SH:  5    Dex: 11    Spells: 11/11 levels left

rFire   . . .      SeeInvis .   a - +0 war axe
rCold   . . .      Faith    .   c - +0 buckler
rNeg    . . .      Spirit   .   b - +0 scale mail
rPois   .          Reflect  .   (no helmet)
rElec   .          Harm     .   (no cloak)
rCorr   +          Rampage  .   (no gloves)
Will    .....                   v - +1 pair of boots
Stlth   +.........              (no amulet)
HPRegen 0.20/turn               m - ring of resist corrosion
MPRegen 0.17/turn               r - ring of Sint {MP+9 Str+5}

@: no status effects
A: fangs 1, strong nose, distributed training
a: no special abilities


You were on level 5 of the Dungeon.
You visited 1 branch of the dungeon, and saw 5 of its levels.

You collected 224 gold pieces.

Inventory:

Hand Weapons
 a - a +0 war axe (weapon)
 e - a +0 morningstar
Missiles
 k - 4 atropa-tipped darts (quivered)
Armour
 b - a +0 scale mail (worn)
 c - a +0 buckler (worn)
 v - a +1 pair of boots (worn)
Jewellery
 m - a ring of resist corrosion (left hand)
 r - the ring of Sint (right hand) {MP+9 Str+5}
   (You found it on level 4 of the Dungeon)

   [ring of magical power]

   Str:       It affects your strength (+5).
   MP:        It affects your magic capacity (+9).
Wands
 q - a wand of polymorph (5)
 s - a wand of mindburst (20)
 y - a wand of paralysis (6)
Scrolls
 f - a scroll of teleportation {unknown}
 l - a scroll of vulnerability {unknown}
 n - a scroll of blinking {unknown}
 o - 2 scrolls of immolation {unknown}
 p - a scroll of fear {unknown}
 t - a scroll of holy word {unknown}
 x - a scroll of amnesia {unknown}
Potions
 d - a potion of magic {unknown}
 g - 2 potions of curing
 h - a potion of attraction {unknown}
 i - a potion of invisibility {unknown}
 j - 2 potions of lignification
 u - 2 potions of heal wounds
 w - a potion of brilliance {unknown}
 z - a potion of degeneration {unknown}
 A - a potion of mutation {unknown}


   Skills:
 + Level 7.1 Fighting
 + Level 2.7 Short Blades
 + Level 2.7 Long Blades
 + Level 5.3 Axes
 + Level 2.7 Maces & Flails
 + Level 2.7 Polearms
 + Level 2.7 Staves
 + Level 2.7 Slings
 + Level 2.7 Bows
 + Level 2.7 Crossbows
 + Level 2.7 Throwing
 + Level 7.1 Armour
 + Level 2.7 Dodging
 + Level 2.7 Stealth
 + Level 7.1 Shields
 + Level 2.7 Unarmed Combat
 + Level 2.7 Spellcasting
 + Level 2.2 Conjurations
 + Level 2.2 Hexes
 + Level 2.2 Summonings
 + Level 2.2 Necromancy
 + Level 2.2 Translocations
 + Level 2.2 Transmutations
 + Level 2.2 Fire Magic
 + Level 2.2 Ice Magic
 + Level 2.2 Air Magic
 + Level 2.2 Earth Magic
 + Level 2.2 Poison Magic
 + Level 3.0 Invocations
 + Level 2.7 Evocations


You had 11 spell levels left.
You didn't know any spells.
Your spell library contained the following spells:

 Spells                   Type           Power      Damage    Failure   Level
 Foxfire                  Conj/Fire      16%        2x1d4     38%         1
 Conjure Flame            Conj/Fire      4%         6-21      77%         3
 Inner Flame              Hex/Fire       4%         N/A       77%         3
 Flame Wave               Conj/Fire      4%         2d5       99%         4


Dungeon Overview and Level Annotations

Branches:
Dungeon (5/15)
 Temple: D:4-7

Altars:
Sif Muna


Innate Abilities, Weirdness & Mutations

You have very sharp teeth.
Your uncanny sense of smell can sniff out nearby items.
Your experience applies equally to all skills.


Message History

The necrophage hits you but does no damage. x2
You hit the necrophage.
The necrophage is severely damaged.
You block the necrophage's attack.
You slash the necrophage!
You destroy the necrophage!
Your transformation is almost over.
Your life force feels restored.
Your Invocations skill increases to level 3!
You barely miss the ogre.
The ogre hits you with a +0 giant club!!
You hit the ogre.
The ogre is lightly wounded.
You block the ogre's attack.
You hit the ogre but do no damage.
The ogre is lightly wounded.
The ogre hits you with a +0 giant club!
You hit the ogre.
The ogre is lightly wounded.
The ogre hits you but does no damage.
You barely miss the ogre.
The ogre is lightly wounded.
The ogre hits you but does no damage.
You completely miss the ogre.
The ogre is lightly wounded.
The ogre hits you but does no damage.
You slash the ogre!
The ogre is heavily wounded.
The ogre hits you with a +0 giant club!
* * * LOW HITPOINT WARNING * * *
You slash the ogre!
The ogre is severely wounded.
You feel less wooden.
Your +1 pair of boots unmelds from your body.
Your +0 scale mail unmelds from your body.
The ogre closely misses you.
You barely miss the ogre.
The ogre is severely wounded.
The ogre hits you with a +0 giant club!
You die...

#.....#......####..###
#..............#.....#
#.............##....###
###...###)###..##......###
####.....#≈).≈≈#...##.......##
#......#.#≈#.#≈#....##.......###
#.....####≈)_.≈#.#......###....##
#.....##.#≈#.#≈#.##.##### ###...#
.........#≈≈≈≈≈#@##..# ###..##.
..†..#...#######O#..## ##.......
#.............##.##.# ##........
............^.#≈.#..## #..#.#...>
.............O.......# ##........
#.........#..###.....####.....###
....##.......# #####.##........#
..Y.#.....#O.# #........#....
###..........## ##.......##...


You could see an ogre.

Vanquished Creatures
  A water moccasin (D:5)
  A necrophage (D:5)
  A sky beast (D:5)
  A scorpion (D:5)
  A wyvern skeleton (D:5)
  3 hounds (D:5)
  3 orc wizards
  8 gnolls (D:2)
  3 adders
  An ufetubus (D:5)
  An adder skeleton (D:4)
  3 worms
  3 dart slugs
  5 orcs
  10 ball pythons
  3 bats
  2 endoplasms
  A giant cockroach (D:4)
  3 goblins
  8 hobgoblins
  2 jackals (D:2)
  4 quokkas
  3 frilled lizards (D:1)
  6 kobolds
  5 rats
82 creatures vanquished.

Notes
Turn   | Place    | Note
-------+----------+-------------------------------------------
     0 | D:1      | DearestLeader the Gnoll Fighter began the quest for the
                  | Orb.
     0 | D:1      | Reached XP level 1. HP: 23/23 MP: 1/1
    61 | D:1      | Reached XP level 2. HP: 25/29 MP: 2/2
   415 | D:1      | Reached XP level 3. HP: 29/35 MP: 3/3
   625 | D:1      | Found a faded altar of an unknown god.
  1236 | D:2      | Reached skill level 1 in Invocations
  1240 | D:2      | Reached skill level 1 in Short Blades
  1240 | D:2      | Reached skill level 1 in Long Blades
  1240 | D:2      | Reached skill level 1 in Maces & Flails
  1240 | D:2      | Reached skill level 1 in Polearms
  1240 | D:2      | Reached skill level 1 in Staves
  1240 | D:2      | Reached skill level 1 in Slings
  1240 | D:2      | Reached skill level 1 in Bows
  1240 | D:2      | Reached skill level 1 in Crossbows
  1240 | D:2      | Reached skill level 1 in Throwing
  1240 | D:2      | Reached skill level 1 in Dodging
  1240 | D:2      | Reached skill level 1 in Stealth
  1240 | D:2      | Reached skill level 1 in Unarmed Combat
  1240 | D:2      | Reached skill level 1 in Spellcasting
  1240 | D:2      | Reached skill level 1 in Evocations
  1244 | D:2      | Reached XP level 4. HP: 7/41 MP: 5/5
  1646 | D:2      | Reached skill level 1 in Conjurations
  1646 | D:2      | Reached skill level 1 in Hexes
  1646 | D:2      | Reached skill level 1 in Summonings
  1646 | D:2      | Reached skill level 1 in Necromancy
  1646 | D:2      | Reached skill level 1 in Translocations
  1646 | D:2      | Reached skill level 1 in Transmutations
  1646 | D:2      | Reached skill level 1 in Fire Magic
  1646 | D:2      | Reached skill level 1 in Ice Magic
  1646 | D:2      | Reached skill level 1 in Air Magic
  1646 | D:2      | Reached skill level 1 in Earth Magic
  1646 | D:2      | Reached skill level 1 in Poison Magic
  2164 | D:2      | Reached XP level 5. HP: 44/47 MP: 6/6
  2717 | D:4      | Identified the ring of Sint {MP+9 Str+5}
  3382 | D:5      | Entered Level 5 of the Dungeon
  3402 | D:5      | Reached XP level 6. HP: 53/53 MP: 8/8
  3444 | D:5      | Found a shimmering blue altar of Sif Muna.
  3477 | D:5      | Reached skill level 5 in Axes
  3815 | D:5      | Reached XP level 7. HP: 44/59 MP: 10/10
  4004 | D:5      | Slain by an ogre

Illustrated notes

Levels and vault maps discovered:
D:1:      dpeg_arrival_leaves_temple_mockup, layout_loops_ring,
          nicolae_ecumenical_snake_handling, hangedman_glass_garden,
          kennysheep_minor_cross, minivault_4, minmay_crystal_room,
          minmay_misc_feat_four_crosses
D:2:      layout_loops_ring, minmay_pentomino_x2
D:3:      layout_rooms, chequers_serial_rivers_micro_b
D:4:      layout_rooms
D:5:      layout_cave_pools, kennysheep_little_box, minmay_temple_entry_hall,
          mrwooster_statue_mirror

Skill      XL: |  1  2  3  4  5  6  7 |
---------------+----------------------+-----
Invocations    | 1 2 3 |  3.0
Short Blades   | 1 2 |  2.7
Long Blades    | 1 2 |  2.7
Maces & Flails | 1 2 |  2.7
Polearms       | 1 2 |  2.7
Staves         | 1 2 |  2.7
Slings         | 1 2 |  2.7
Bows           | 1 2 |  2.7
Crossbows      | 1 2 |  2.7
Throwing       | 1 2 |  2.7
Dodging        | 1 2 |  2.7
Stealth        | 1 2 |  2.7
Unarmed Combat | 1 2 |  2.7
Spellcasting   | 1 2 |  2.7
Evocations     | 1 2 |  2.7
Conjurations   | 1 2 |  2.2
Hexes          | 1 2 |  2.2
Summonings     | 1 2 |  2.2
Necromancy     | 1 2 |  2.2
Translocations | 1 2 |  2.2
Transmutations | 1 2 |  2.2
Fire Magic     | 1 2 |  2.2
Ice Magic      | 1 2 |  2.2
Air Magic      | 1 2 |  2.2
Earth Magic    | 1 2 |  2.2
Poison Magic   | 1 2 |  2.2
Axes           | 5 |  5.3
Fighting       | 7 |  7.1
Armour         | 7 |  7.1
Shields        | 7 |  7.1

Action                   |  1- 3 |  4- 6 |  7- 9 || total
-------------------------+-------+-------+-------++-------
Melee: War axe           |    71 |   171 |    52 ||   294
       Bite              |     3 |    13 |       ||    16
  Use: Scroll            |       |     3 |       ||     3
       Potion            |       |     1 |     2 ||     3
Armor: Scale mail        |    31 |    87 |    14 ||   132
       Skin              |       |       |    28 ||    28
Dodge: Dodged            |    36 |    91 |    18 ||   145
Block: Buckler           |    10 |    39 |    15 ||    64
